 Dungeon Crawl Stone Soup version 0.17-a0-1-g1f4be75 (console) character file.

1441 Fusha the Magician (level 8, -3/48 HPs)
             Began as a High Elf Venom Mage on Mar 6, 2015.
             Was a Follower of Qazlal.
             Shot with an arrow of flame by a centaur (12 damage)
             ... on level 6 of the Dungeon.
             The game lasted 00:33:31 (6607 turns).

Fusha the Magician (High Elf Venom Mage)            Turns: 6607, Time: 00:33:31

Health: -3/48      AC:  4    Str:  7    XL:     8   Next: 46%
Magic:  17/24      EV: 13    Int: 21    God:    Qazlal [*.....]
Gold:   416        SH:  1    Dex: 16    Spells: 3 memorised, 14 levels left

rFire  . . .     SeeInvis .     n - +4 mace
rCold  + . .     Clarity  .     h - +0 leather armour
rNeg   . . .     SustAb   .     (no shield)
rPois  .         Gourm    .     (no helmet)
rElec  .         Spirit   .     (no cloak)
rCorr  .         Warding  .     (no gloves)
rMut   .         Stasis   .     t - +0 pair of boots
MR     .....                    (no amulet)
Stlth  ++........               (no ring)
                                C - ring of protection from cold

@: not resistant to hostile enchantments, unstealthy
A: no striking features
a: Renounce Religion


You were on level 6 of the Dungeon.
You worshipped Qazlal.
Qazlal was aware of your devotion.
You were not hungry.

You visited 1 branch of the dungeon, and saw 6 of its levels.

You collected 416 gold pieces.

Inventory:

Hand weapons
 n - a +4 mace (weapon)
 r - a +0 spear
Missiles
 d - 65 stones
 k - 5 needles of sleeping
 u - 4 javelins (quivered)
Armour
 a - a +0 robe
 h - a +0 leather armour (worn)
 t - a +0 pair of boots (worn)
Jewellery
 C - a ring of protection from cold (left hand)
Magical devices
 x - a wand of random effects (0)
Scrolls
 f - a scroll of magic mapping
 i - a scroll of noise {unknown}
 q - 2 scrolls of remove curse
 s - a scroll of enchant armour {unknown}
 v - a scroll of random uselessness {unknown}
 y - a scroll of enchant weapon {unknown}
 D - a scroll of teleportation {unknown}
 E - a scroll of blinking {unknown}
 F - a scroll of recharging {unknown}
Potions
 e - a potion of cure mutation {unknown}
 g - 2 potions of heal wounds {unknown}
 l - a potion of brilliance
 m - a potion of might
 o - 3 potions of curing
 w - a potion of resistance {unknown}
 z - a potion of ambrosia {unknown}
 A - 2 potions of mutation {unknown}
 B - a potion of haste {unknown}
Books
 b - a Young Poisoner's Handbook

   Spells                             Type                      Level
   a - Sting                          Conjuration/Poison           1
   b - Cure Poison                    Poison                       2
   c - Mephitic Cloud                 Conjuration/Poison/Air       3
   d - Olgreb's Toxic Radiance        Poison                       4
   e - Venom Bolt                     Conjuration/Poison           5
Comestibles
 c - 6 bread rations
 j - a slice of pizza
 p - 2 royal jellies


   Skills:
 + Level 1.4 Fighting
 - Level 0.1 Maces & Flails
 + Level 0.2 Throwing
 + Level 2.4 Armour
 + Level 3.8 Dodging
 - Level 2.1 Stealth
 + Level 6.9 Spellcasting
 + Level 5.0 Conjurations
 + Level 1.4 Air Magic
 + Level 5.3 Poison Magic
 + Level 1.4 Evocations


You had 14 spell levels left.
You knew the following spells:

 Your Spells              Type           Power        Failure   Level  Hunger
a - Sting                 Conj/Pois      ####         1%          1    None
b - Cure Poison           Pois           ####......   1%          2    None
c - Mephitic Cloud        Conj/Pois/Air  ###.....     10%         3    #......


Dungeon Overview and Level Annotations

Branches:
Dungeon (6/15)             Temple (0/1) D:4

Altars:
Ashenzari
Fedhas
Makhleb
Okawaru
Qazlal
Vehumet
Yredelemnul

Annotations:
D:4 McCoppin's ghost, average DsCK


Message History

Aiming: Sting
Press: ? - help, Shift-Dir - straight line, f/p - centaur
Aim: a centaur, wielding a shortbow (lightly wounded, poisoned)
The sting misses the centaur.
The centaur shoots an arrow of flame.
The arrow of flame hits you. The arrow of flame burns you.
Casting: Sting
Confirm with . or Enter, or press ? or * to list all spells.
Aiming: Sting
Press: ? - help, Shift-Dir - straight line, f/p - centaur
Aim: a centaur, wielding a shortbow (lightly wounded, poisoned)
The sting hits the centaur.
The centaur looks even sicker.
The centaur is lightly wounded.
The centaur shoots an arrow of flame.
The arrow of flame hits you! The arrow of flame burns you.
The centaur shoots an arrow of flame.
The arrow of flame hits you!
* * * LOW HITPOINT WARNING * * *
The arrow of flame burns you.
* * * LOW HITPOINT WARNING * * *
The centaur shoots an arrow of flame.
The arrow of flame hits you!
You die...

##...........# #
#............##
##..†..........## #
#...............####
##...#...............
###...#...............#
##.....#..............##
#.###...(§........#...#
### ##.@(.)...........##
#..#............(...
#.###...............
##.# ##[.............
#.## ##............. ###
##c...........
#............
#.......†....
##............


You could see a centaur.

Vanquished Creatures
  An orc warrior (D:6)
  An ice beast (D:6)
  A phantom (D:6)
  5 ogres
  Sigmund (D:5)
  A centaur (D:6)
  2 giant frogs (D:6)
  A crimson imp (D:6)
  A hound (D:6)
  An iguana (D:6)
  2 orc priests
  2 worker ants
  7 gnolls
  8 adders
  A giant mite (D:3)
  4 worms
  5 giant geckos
  5 oozes
  7 orcs
  A ball python (D:3)
  6 bats
  3 giant cockroaches
  6 goblins
  13 hobgoblins
  6 jackals
  8 kobolds
  3 quokkas
  A giant cockroach zombie (D:5)
  A giant gecko skeleton (D:5)
  3 giant newts
  14 rats
121 creatures vanquished.

Notes
Turn   | Place    | Note
--------------------------------------------------------------
     0 | D:1      | Fusha, the High Elf Venom Mage, began the quest for the Orb.
     0 | D:1      | Reached XP level 1. HP: 11/11 MP: 4/4
   241 | D:1      | Reached XP level 2. HP: 13/17 MP: 0/6
   245 | D:1      | Learned a level 2 spell: Cure Poison
  1150 | D:2      | Reached XP level 3. HP: 14/21 MP: 0/8
  1155 | D:2      | Learned a level 3 spell: Mephitic Cloud
  1406 | D:2      | Found a burning altar of Makhleb.
  1523 | D:2      | Reached skill level 1 in Conjurations
  1892 | D:2      | Reached XP level 4. HP: 7/27 MP: 4/12
  2340 | D:3      | Reached skill level 1 in Armour
  2588 | D:3      | Reached skill level 4 in Poison Magic
  2599 | D:3      | Reached XP level 5. HP: 21/31 MP: 0/14
  3628 | D:4      | Found a stormy altar of Qazlal.
  3636 | D:4      | Became a worshipper of Qazlal Stormbringer
  3642 | D:4      | Found a blossoming altar of Fedhas.
  3695 | D:5      | Entered Level 5 of the Dungeon
  3903 | D:5      | Noticed Sigmund
  3917 | D:5      | Killed Sigmund
  3917 | D:5      | Reached XP level 6. HP: 34/36 MP: 2/18
  4036 | D:5      | Noticed an ogre
  4043 | D:5      | Killed an ogre
  4307 | D:5      | Reached skill level 5 in Spellcasting
  4511 | D:5      | Found a shattered altar of Ashenzari.
  4662 | D:6      | Reached XP level 7. HP: 34/42 MP: 14/21
  4958 | D:4      | Noticed an ogre
  4974 | D:4      | Killed an ogre
  5072 | D:4      | Noticed McCoppin's ghost (average DsCK)
  5102 | D:3      | Acquired Qazlal's first power
  5140 | D:4      | Found a staircase to the Ecumenical Temple.
  5381 | D:6      | Reached skill level 1 in Air Magic
  5560 | D:6      | Reached skill level 1 in Fighting
  5560 | D:6      | Reached skill level 5 in Poison Magic
  5585 | D:6      | Found an iron altar of Okawaru.
  5720 | D:6      | Reached skill level 6 in Spellcasting
  5720 | D:6      | Reached XP level 8. HP: 44/48 MP: 14/24
  5807 | D:6      | Reached skill level 1 in Evocations
  6083 | D:6      | Found a basalt altar of Yredelemnul.
  6084 | D:6      | Found a radiant altar of Vehumet.
  6503 | D:6      | Reached skill level 5 in Conjurations
  6607 | D:6      | Shot with an arrow of flame by a centaur

Action                   |  1- 3 |  4- 6 |  7- 9 || total
-------------------------+-------+-------+-------++-------
Melee: Unarmed           |     3 |       |       ||     3
       Club              |    32 |    30 |    20 ||    82
       Mace              |       |       |    39 ||    39
       Spear             |       |       |     2 ||     2
Throw: Javelin           |       |       |     4 ||     4
       Stone             |       |       |     2 ||     2
 Cast: Sting             |    85 |   167 |   103 ||   355
       Mephitic Cloud    |       |     4 |     9 ||    13
Evoke: Wand              |       |       |    12 ||    12
  Use: Scroll            |       |     4 |     1 ||     5
 Stab: Sleeping          |     1 |       |       ||     1
  Eat: Meat ration       |     1 |     2 |       ||     3
       Pizza             |       |       |     1 ||     1
       Beef jerky        |       |       |     1 ||     1
